 Dungeon Crawl Stone Soup version 0.28-a0-1117-g0bdd5ba030 (webtiles) character file.

Game seed: 12595212357235169212

107 random13 the Insei (level 4, -1/28 HPs)
             Began as an Octopode Transmuter on Dec 9, 2021.
             Slain by a hound (3 damage)
             ... on level 5 of the Dungeon on Dec 11, 2021.
             The game lasted 00:11:46 (2927 turns).

random13 the Insei (Octopode Transmuter)            Turns: 2927, Time: 00:11:46

Health: -1/28      AC: -3    Str:  9    XL:     4   Next: 86%
Magic:  7/7        EV: 13    Int: 17    God:
Gold:   112        SH:  0    Dex: 12    Spells: 1/7 levels left

rFire   . . .      SeeInvis .     - Unarmed
rCold   . . .      Faith    .   (no shield)
rNeg    . . .      Spirit   .   (helmet restricted)
rPois   .          Reflect  .   (no amulet)
rElec   .          Harm     .   c - ring of resist corrosion
rCorr   +          Rampage  .   (no ring)
Will    .....                   (no ring)
Stlth   +++.......              (no ring)
HPRegen 0.09/turn               (no ring)
MPRegen 0.10/turn               (no ring)
                                (no ring)
                                (no ring)

@: marked, corroded
A: almost no armour, amphibious, 8 rings, camouflage 1, gelatinous body 1,
(nimble swimmer 1), tentacles
a: no special abilities


You were on level 5 of the Dungeon.
You visited 1 branch of the dungeon, and saw 4 of its levels.

You collected 112 gold pieces.

Inventory:

Jewellery
 c - a ring of resist corrosion (left tentacle)
Scrolls
 a - 5 scrolls of identify {unknown}
Potions
 b - a potion of heal wounds
 h - 2 potions of resistance {unknown}
 j - a potion of ambrosia {unknown}
 k - a potion of flight {unknown}
 l - a potion of brilliance {unknown}


   Skills:
 - Level 1.0 Fighting
 - Level 2.0 Dodging
 - Level 1.0 Stealth
 - Level 5.0 Unarmed Combat
 - Level 2.0 Spellcasting
 + Level 2.7 Transmutations


You had one spell level left.
You knew the following spells:

 Your Spells              Type           Power      Damage    Failure   Level
a - Beastly Appendage     Tmut           20%        N/A       6%          1
b - Wereblood             Tmut           10%        N/A       10%         2
c - Spider Form           Tmut/Pois      6%         N/A       32%         3

Your spell library contained the following spells:

 Spells                   Type           Power      Damage    Failure   Level
 Ensorcelled Hibernation  Hex/Ice        2%         N/A       28%         2
 Tukima's Dance           Hex            1%         N/A       50%         3
 Ice Form                 Ice/Tmut       6%         N/A       73%         4


Dungeon Overview and Level Annotations

Branches:
Dungeon (3/15)

Altars:
Zin

Annotations:
D:5 Grinder


Innate Abilities, Weirdness & Mutations

You cannot wear most types of armour.
You are amphibious.
You can wear up to eight rings at the same time.
Your skin changes colour to match your surroundings (Stealth+).
Your rubbery body absorbs attacks. (AC +1, EV +1)
((You are camouflaged near water. (Stealth+)))
You have tentacles for arms and can constrict up to eight enemies at once.


Message History

The ogre shouts!
There is an escape hatch in the floor here.
Really wriggle onto that alarm trap?
You set off the alarm!
The alarm trap emits a blaring wail!
A sentinel's mark forms upon you.
You hear a shout!
You see here 2 viscous golden potions.
A hound comes into view.
As you read the scroll labelled DERGHI WINA, it crumbles to dust.
It is a scroll of enchant weapon.
You aren't carrying any weapons that can be enchanted.
The jelly closely misses you.
As you read the scroll labelled OSONEA TOFIOT, it crumbles to dust.
It is a scroll of amnesia.
Really abort (and waste the scroll)? [Y]es or [N]o only, please.
Really abort (and waste the scroll)?
Okay, then.
The hound closely misses you. The jelly closely misses you.
As you read the scroll labelled ZUL COYZXAN, it crumbles to dust.
You hear a loud clanging noise!
It was a scroll of noise.
An adder skeleton comes into view.
The hound bites you. The jelly hits you. The acid corrodes you!
You are splashed with acid.
You resist.
As you read the scroll labelled YGUH SILAME, it crumbles to dust.
The creatures around you are filled with an inner flame!
It was a scroll of immolation.
The hound bites you. x2; The jelly hits you.
* * * LOW HITPOINT WARNING * * *
You are splashed with acid.
You resist.
* * * LOW HITPOINT WARNING * * *
As you read the scroll labelled PIFRULI QOBA, it crumbles to dust.
The scroll dissolves into smoke.
It was a scroll of fog.
The hound bites you.
* * * LOW HITPOINT WARNING * * *
The jelly closely misses you.
You tentacle-slap the hound.
Flame seeps out of the hound.
You grab the hound.
The hound is moderately wounded.
You constrict the hound.
Flame seeps out of the hound.
The hound bites you.
You die...

#.##.##.# #O##..#
##########.##.##.###.##..#
...........##.##.........#
#############........##.##
####.#....... #.#......
#O#...... #J# ..... #@#
..... #h# .... #ยง# #.#
#.# #Z# #### #.# ...# #.#
##.#


You could see an ogre (inner flame), a hound (inner flame) and a jelly (inner
flame).

Vanquished Creatures
  5 adders (D:2)
  3 worms (D:2)
  2 dart slugs
  5 ball pythons
  5 endoplasms
  2 giant cockroaches (D:1)
  A goblin (D:1)
  5 hobgoblins
  4 jackals (D:1)
  4 quokkas
  3 bats
  4 frilled lizards
  3 kobolds
  6 rats
52 creatures vanquished.

Vanquished Creatures (others)
  2 fungi (D:2)
  2 plants (D:2)
4 creatures vanquished.

Grand Total: 56 creatures vanquished

Notes
Turn   | Place    | Note
-------+----------+-------------------------------------------
     0 | D:1      | random13 the Octopode Transmuter began the quest for the
                  | Orb.
     0 | D:1      | Reached XP level 1. HP: 13/13 MP: 3/3
   335 | D:1      | Reached XP level 2. HP: 12/18 MP: 3/5
   338 | D:1      | Learned a level 2 spell: Wereblood
   757 | D:1      | Reached skill level 1 in Stealth
   821 | D:1      | Reached skill level 4 in Unarmed Combat
   821 | D:1      | Reached XP level 3. HP: 5/23 MP: 4/6
  1081 | D:1      | Learned a level 3 spell: Spider Form
  1519 | D:2      | Found a faded altar of an unknown god.
  2058 | D:2      | Reached XP level 4. HP: 23/28 MP: 4/7
  2228 | D:2      | Upgraded the game from 0.28-a0-1080-g05a166d0ed to
                  | 0.28-a0-1117-g0bdd5ba030
  2383 | D:2      | Reached skill level 5 in Unarmed Combat
  2851 | D:3      | You fall into a shaft and drop 2 floors!
  2851 | D:5      | Entered Level 5 of the Dungeon
  2851 | D:5      | Noticed Grinder
  2851 | D:5      | Found a glowing silver altar of Zin.
  2894 | D:5      | Noticed an ogre
  2927 | D:5      | Slain by a hound

Illustrated notes

Levels and vault maps discovered:
D:1:      psy_arrival_whirlpool, layout_basic, serial_corexii_hall,
          corexii_hall_statues_i, corexii_hall_statues_t,
          corexii_hall_statues_l, corexii_hall_statues_deadend,
          serial_bayou_pond_c
D:2:      minmay_spotlight, layout_rooms,
          shapermc_ecumenical_altar_mp_urbaneastern, minmay_pentomino_pile
D:3:      layout_basic, grunt_temple_overflow_lords_of_destruction,
          mainiacjoe_overflow_tiny_flanked, gup_sewer_entry_glass,
          uniq_crazy_yiuf_cottage
D:5:      layout_loops_ring, mainiacjoe_overflow_alcove_2,
          lemuel_blue_sif_altar, mainiacjoe_overflow_small_starburst,
          uniq_grinder

Skill      XL: |  1  2  3  4 |
---------------+-------------+-----
Stealth        | 1 |  1.0
Unarmed Combat | 4 5 |  5.0
Fighting       | |  1.0
Dodging        | |  2.0
Spellcasting   | |  2.0
Transmutations | |  2.7

Action                   |  1- 3 |  4- 6 || total
-------------------------+-------+-------++-------
Melee: Unarmed           |    78 |    48 ||   126
       Constrict         |    18 |    10 ||    28
       Tentacles         |     9 |     7 ||    16
       Kick              |     8 |     8 ||    16
       Punch             |     1 |     1 ||     2
 Cast: Beastly Appendage |    12 |     7 ||    19
  Use: Potion            |     1 |       ||     1
       Scroll            |       |     5 ||     5
 Stab: Sleeping          |     4 |     2 ||     6
Armor: Skin              |     5 |     1 ||     6
Dodge: Dodged            |    48 |    32 ||    80

Table legend: (Time is in decaauts)
 A = Elapsed time spent in this place.
 B = Non-inter-level travel time spent in this place.
 C = Inter-level travel time spent in this place.
 D = Time resting spent in this place.
 E = Time spent auto-exploring this place.
 F = Levels seen in this place.
 G = Mean time per level.
                   A        B        C        D        E       F      G
               +--------+--------+--------+--------+--------+-----+--------+
         Total |   2916 |   2816 |    100 |    895 |   1243 |   4 |  729.0 |
       Dungeon |   2916 |   2816 |    100 |    895 |   1243 |   4 |  729.0 |
               +--------+--------+--------+--------+--------+-----+--------+

Top non-repeatable levels by time:
     D:1: 1723 daAuts
     D:2: 1079 daAuts
     D:5: 75 daAuts
     D:3: 37 daAuts
